Map: Abiogenesis LE

Players

OopsYouDied

  • Race: Terran Terran
  • Spawn Location: 11:00

Infamous - Winner!

  • Race: Protoss Protoss
  • League: Silver
  • Spawn Location: 5:00

VOD

Have the link to the VOD?

Description

Time

  • Played on: March 20, 2018, 1:41 p.m.
  • Length: 12:02
Show
View Real Time Build Order
Export as new Build Order

OopsYouDied Terran 

Build Orders:  

Get SALT Encoding   

  12  0:01  SCV  
  13  0:13  SCV  
  14  0:27  Supply Depot  
  14  0:29  SCV  
  15  0:48  SCV  
  16  0:52  Supply Depot  
  16  1:00  SCV  
  17  1:16  Barracks  
  17  1:19  Barracks  
  17  1:22  SCV  
  18  1:38  SCV  
  19  1:50  SCV  
  20  1:55  Command Center  
  20  2:09  Supply Depot, SCV  
  20  2:15  Engineering Bay  
  21  2:21  SCV  
  22  2:24  Marine x2  
  24  2:33  SCV  
  25  2:38  Refinery  
  25  2:40  Refinery  
  25  2:45  SCV  
  25  2:47  Missile Turret  
  26  2:58  Marine x2  
  28  3:15  Marine x2  
  28  3:16  SCV  
  31  3:20  SCV  
  32  3:28  SCV  
  32  3:32  SCV  
  34  3:39  Marine x2  
  34  3:40  SCV  
  37  3:44  SCV  
  38  3:56  SCV x2  
  38  3:57  Marine x2  
  42  4:08  SCV x2  
  44  4:12  Command Center  
  44  4:15  Marine x2  
  46  4:20  SCV x2  
  47  4:32  SCV x2  
  47  4:35  Barracks  
  47  4:37  Barracks  
  49  4:41  Barracks  
  49  4:44  SCV x2, Terran Infantry Weapons Level 1  
  51  4:54  Engineering Bay  
  51  4:58  Missile Turret  
  51  5:05  Missile Turret  
  51  5:07  Marine x2  
  51  5:13  SCV  
  54  5:22  Supply Depot  
  54  5:24  SCV  
  54  5:25  Marine x2, SCV  
  54  5:26  Supply Depot  
  58  5:37  SCV  
  58  5:38  SCV x2  
  58  5:39  Marine x2  
  58  5:41  Marine  
  64  5:44  Marine  
  64  5:45  Marine  
  64  5:49  SCV  
  67  5:50  Supply Depot  
  50  6:10  Marine x2  
  50  6:11  Marine x3  
  49  6:16  Planetary Fortress  
  50  6:28  Marine x2  
  50  6:29  Marine  
  51  6:38  Marine x2  
  50  6:46  Marine  
  46  7:04  Marine x3  
  47  7:18  Supply Depot  
  47  7:19  Supply Depot  
  47  7:21  SCV  
  47  7:22  SCV x2  
  49  7:30  Terran Infantry Armor Level 1  
  49  7:33  SCV  
  49  7:34  SCV x2  
  52  7:37  Factory  
  52  7:41  Barracks Tech Lab  
  52  7:43  Barracks Reactor  
  54  7:46  Barracks Reactor, SCV  
  54  7:48  Barracks Reactor  
  53  7:53  Bunker  
  53  7:56  Bunker  
  53  7:59  SCV  
  53  8:00  SCV x2  
  56  8:11  SCV  
  56  8:12  SCV  
  58  8:13  SCV  
  58  8:20  Marauder  
  58  8:23  SCV  
  58  8:26  Marine x5  
  64  8:28  Marine  
  66  8:41  Marauder  
  66  9:03  Marauder  
  67  9:24  Marauder  
  63  9:32  Marine x2  
  60  9:42  SCV  
  60  9:43  SCV  
  60  9:44  SCV  
  65  9:45  Marauder  
  65  9:49  Barracks  
  65  9:50  Barracks, Marine x2  
  65  9:52  Barracks x2  
  66  9:53  Barracks  
  66  9:54  Barracks  
  66  9:55  SCV x2  
  66  9:56  SCV  
  69  10:06  Armory  
  69  10:07  SCV x2  
  70  10:08  SCV  
  72  10:19  SCV  
  73  10:27  Planetary Fortress  
  67  10:41  Marine x4  
  67  10:43  Marine x3  
  67  10:44  Marine  
  72  10:50  SCV x2  
  71  10:59  Marine x4  
  71  11:01  Marine x2  
  62  11:43  Supply Depot x2  
  62  11:46  Supply Depot  
Show
View Real Time Build Order
Export as new Build Order

Infamous Protoss - Winner!

Build Orders: Zealot Archon 

Get SALT Encoding   

  12  0:18  Probe (Chrono Boost)  
  13  0:26  Pylon  
  13  0:30  Probe (Chrono Boost)  
  14  0:38  Probe (Chrono Boost)  
  15  0:45  Gateway  
  15  0:47  Probe  
  16  1:00  Probe (Chrono Boost)  
  17  1:05  Pylon  
  18  1:12  Probe (Chrono Boost), Assimilator  
  18  1:22  Probe  
  19  1:32  Cybernetics Core  
  19  1:36  Probe  
  19  1:39  Pylon  
  20  1:46  Zealot  
  22  1:48  Probe  
  22  1:54  Assimilator  
  23  2:07  Warp Gate (Chrono Boost)  
  23  2:18  Gateway  
  23  2:19  Gateway  
  23  2:21  Probe  
  23  2:35  Probe  
  24  2:37  Pylon  
  24  2:40  Stalker  
  26  2:47  Probe  
  27  2:54  Stargate  
  27  3:00  Probe  
  28  3:08  Adept x2  
  32  3:15  Sentry  
  34  3:33  Probe  
  35  3:45  Probe  
  36  3:57  Probe  
  36  3:58  Gateway, Stalker  
  36  4:01  Twilight Council  
  39  4:07  Pylon  
  39  4:13  Pylon  
  39  4:25  Probe, Void Ray (Chrono Boost)  
  44  4:37  Probe  
  45  4:40  Forge  
  45  4:55  Templar Archives  
  45  4:56  Stalker  
  45  4:58  Zealot x2  
  51  5:15  Probe  
  51  5:16  Charge (Chrono Boost)  
  52  5:28  Probe  
  53  5:40  Probe  
  46  6:05  Stalker x4  
  52  6:17  Protoss Ground Weapons Level 1 (Chrono Boost)  
  52  6:43  Pylon  
  40  7:10  High Templar x2  
  40  7:12  Zealot x2  
  48  7:16  Photon Cannon  
  48  7:17  Photon Cannon  
  48  7:20  Shield Battery  
  48  7:22  Probe  
  49  7:36  Archon  
  49  7:37  Nexus, High Templar  
  49  7:39  Pylon, Zealot  
  49  7:41  Pylon x2  
  53  7:49  Stalker  
  55  7:53  Zealot  
  57  8:10  Pylon  
  49  8:28  Stalker x4  
  51  8:42  Photon Cannon  
  51  8:43  Photon Cannon  
  51  8:51  High Templar  
  49  9:07  Zealot x3  
  49  9:31  Zealot x3  
  48  9:43  Probe  
  47  9:46  Probe  
  44  9:55  Probe, Sentry x2  
  44  9:58  High Templar  
  49  10:07  Probe  
  50  10:23  Zealot x3  
  56  10:33  Void Ray (Chrono Boost)  
  58  10:43  Probe x2  
  58  10:48  Assimilator  
  60  10:52  Assimilator  
  60  10:55  Probe x2  
  60  10:56  Stalker x2  
  66  10:58  Sentry  
  68  11:07  Probe x2  
  58  11:19  Probe x2  
  58  11:24  High Templar  
  58  11:26  Zealot x3  
  62  11:45  Pylon  
  62  11:47  Pylon  
  62  11:49  Pylon  
Tags
 
Composition
Zealot Archon
League
Silver
Matchup
PvT
Replay Pack
Last Remnant (2)
Spawn Locations
Cross Positions
Add a new tag
Caveats
  • Supply blocks, unpowered buildings, or Contaminate may cause inaccurate times.
  • Supply counts are checked every 10 seconds.